 Dungeon Crawl Stone Soup version 0.31-b1-18-g61460d1e46 (webtiles) character file.

Game seed: 17760249691266623096

1424 Arctor the Vexing (level 8, -5/61 HPs)
             Began as a Gnoll Hexslinger on Jan 17, 2024.
             Was an Initiate of Ashenzari.
             Slain by a yak (16 damage)
             ... on level 4 of the Dungeon.
             The game lasted 00:06:31 (2986 turns).

Arctor the Vexing (Gnoll Hexslinger)                Turns: 2986, Time: 00:06:31

Health: -5/61      AC:  4    Str:  6 (8)  XL:     8   Next: 72%
Magic:  24/24      EV: 15    Int: 11 (12) God:    Ashenzari [......]
Gold:   251        SH:  0    Dex: 16 (17) Spells: 4/16 levels left

rFire   . . .        a - +1 sling
rCold   . . .        (no shield)
rNeg    . . .        c - +0 robe
rPois   .            (no helmet)
rElec   .            (no cloak)
rCorr   .            m - +0 pair of gloves
SInv    .            k - +0 pair of boots
Will    .....        e - amulet of regeneration
Stlth   +++          j - ring of magical power
HPRegen 1.10/turn    (no ring)
MPRegen 0.19/turn

%: no passive effects
@: weak-willed
A: fangs 1, strong nose, distributed training
a: Renounce Religion


You were on level 4 of the Dungeon.
You worshipped Ashenzari.
Ashenzari was noncommittal.
You visited 1 branch of the dungeon, and saw 5 of its levels.

You collected 251 gold pieces.

Inventory:

Hand Weapons
 a - a +1 sling (weapon)
Missiles
 g - a throwing net
Armour
 c - a +0 robe (worn)
 k - a +0 pair of boots (worn)
 m - a +0 pair of gloves (worn)
Jewellery
 e - an amulet of regeneration (around neck)
 j - a ring of magical power (left hand)
 r - an amulet of the acrobat
 t - a ring of ice
Talismans
 f - a serpent talisman
Wands
 d - a wand of mindburst (18)
 o - a wand of roots (10)
Scrolls
 b - a scroll of poison
 n - a scroll of revelation
 q - a scroll of vulnerability


   Skills:
 + Level 4.5 Fighting
 + Level 3.6 Short Blades
 + Level 3.6 Long Blades
 + Level 3.6 Axes
 + Level 3.6 Maces & Flails
 + Level 3.6 Polearms
 + Level 3.6 Staves
 + Level 5.9 Ranged Weapons
 + Level 3.6 Throwing
 + Level 3.6 Armour
 + Level 5.9 Dodging
 + Level 3.6 Stealth
 + Level 3.6 Shields
 + Level 3.6 Unarmed Combat
 + Level 4.6 Spellcasting
 + Level 3.0 Conjurations
 + Level 6.3 Hexes
 + Level 3.0 Summonings
 + Level 3.0 Necromancy
 + Level 3.0 Translocations
 + Level 3.7 Fire Magic
 + Level 3.0 Ice Magic
 + Level 3.0 Air Magic
 + Level 3.0 Earth Magic
 + Level 3.0 Alchemy
 + Level 4.0 Invocations
 + Level 3.6 Evocations
 + Level 3.3 Shapeshifting


You had 4 spell levels left.
You knew the following spells:

 Your Spells              Type           Power      Damage    Failure   Level
a - Jinxbite              Hex            32%        N/A       2%          2
b - Inner Flame           Hex/Fire       13%        N/A       9%          3
c - Cause Fear            Hex            8%         N/A       17%         4
d - Sigil of Binding      Hex            16%        N/A       4%          3

Your spell library contained the following spells:

 Spells                   Type           Power      Damage    Failure   Level
 Dimensional Bullseye     Hex/Tloc       6%         N/A       32%         4


Dungeon Overview and Level Annotations

Branches:
Dungeon (5/15)
 Temple: D:4-7

Altars:
Ashenzari
Vehumet

Shops:
D:3 :


Innate Abilities, Weirdness & Mutations

You have very sharp teeth.
Your uncanny sense of smell can sniff out nearby items.
Your experience applies equally to all skills.


Message History

The sprites lose interest in your situation.
You start resting.
You feel your willpower return.
You start resting.
HP restored.
Magic restored.
Done exploring.
Done exploring.
Done exploring.
Done exploring.
No target in view!
What level of the Dungeon? (default 5, ? - help)
There is a stone staircase leading down here.
You climb downwards.
The yak misses you. The yak gores you! The yak barely misses you.
The yak misses you.
There is a stone staircase leading up, spattered with blood here.
The yak closely misses you. The yak gores you!
You climb upwards.
There is a stone staircase leading down here.
The yak attacks as it pursues you! The yak gores you.
The yak attacks as it pursues you! The yak closely misses you.
The yak attacks as it pursues you! The yak gores you!
Casting: Jinxbite (safe; 2% risk of failure)
Confirm with . or Enter, or press ? or * to list all spells.
You beckon some vexing sprites to accompany your attacks.
You feel your willpower being sapped. The yak gores you!
* * * LOW HITPOINT WARNING * * *
It was a potion of degeneration.
There was something very wrong with that liquid.
You feel weakened.
You feel dopey.
You feel clumsy. The yak attacks as it pursues you! The yak barely misses you.
The yak attacks as it pursues you! The yak gores you!
The jinxing sprites lose interest in you.
The yak attacks as it pursues you! The yak gores you!
* * * LOW HITPOINT WARNING * * *
The yak attacks as it pursues you! The yak gores you!
* * * LOW HITPOINT WARNING * * *
There is a stone staircase leading up here.
The yak gores you!
You die...

#..............# #.#
#..............###.#
####'##...Y......#.#
#.##.########.#.#### ##'##.#
##.........# #############.....#
#..Y.##....# ................Y.#
#[Y........#
.#.#.#.###......Y.####....#####.#
........##.....#@.#...###.#####.#
.#.#.#.###.....####.#.###.#.....#
....................#.....#.#.#.#
.#.#.#.#.........>#########.#...#
...........#................#####
.#.#.#.##...#####.###########
..#.....+...'...#.#
..#....##...###.#.# ..#....##...#
#.#.#


You could see 2 yaks.

Vanquished Creatures
  Pikel (D:4)
  4 yaks (D:4)
  3 lemures (D:4)
  A scorpion (D:4)
  A hound (D:5)
  2 bombardier beetles
  An iguana (D:5)
  An orc wizard (D:4)
  4 adders
  4 ufetubi (D:5)
  2 dart slugs (D:2)
  3 ribbon worms
  4 orcs
  3 bats
  7 endoplasms
  4 giant cockroaches
  5 goblins
  10 hobgoblins
  7 jackals
  9 kobolds
  4 quokkas
  7 ball pythons
  A frilled lizard (D:2)
  3 rats
91 creatures vanquished.

Notes
Turn   | Place    | Note
-------+----------+-------------------------------------------
     0 | D:1      | Arctor the Gnoll Hexslinger began the quest for the Orb.
     0 | D:1      | Reached XP level 1. HP: 17/17 MP: 4/4
   100 | D:1      | Reached XP level 2. HP: 9/23 MP: 5/5
   282 | D:1      | Learned a level 2 spell: Jinxbite
   626 | D:2      | Reached XP level 3. HP: 28/28 MP: 7/7
   666 | D:2      | Reached skill level 1 in Invocations
   686 | D:2      | Reached skill level 1 in Short Blades
   686 | D:2      | Reached skill level 1 in Long Blades
   686 | D:2      | Reached skill level 1 in Axes
   686 | D:2      | Reached skill level 1 in Maces & Flails
   686 | D:2      | Reached skill level 1 in Polearms
   686 | D:2      | Reached skill level 1 in Staves
   686 | D:2      | Reached skill level 1 in Throwing
   686 | D:2      | Reached skill level 1 in Armour
   686 | D:2      | Reached skill level 1 in Stealth
   686 | D:2      | Reached skill level 1 in Shields
   686 | D:2      | Reached skill level 1 in Unarmed Combat
   686 | D:2      | Reached skill level 1 in Evocations
   779 | D:2      | Learned a level 3 spell: Inner Flame
   920 | D:2      | Reached skill level 1 in Shapeshifting
   920 | D:2      | Reached XP level 4. HP: 34/34 MP: 8/8
  1021 | D:2      | Reached skill level 1 in Conjurations
  1021 | D:2      | Reached skill level 1 in Summonings
  1021 | D:2      | Reached skill level 1 in Necromancy
  1021 | D:2      | Reached skill level 1 in Translocations
  1021 | D:2      | Reached skill level 1 in Ice Magic
  1021 | D:2      | Reached skill level 1 in Air Magic
  1021 | D:2      | Reached skill level 1 in Earth Magic
  1021 | D:2      | Reached skill level 1 in Alchemy
  1404 | D:3      | Found Vywaus Togam's Book Shoppe.
  1548 | D:3      | You fall into a shaft and drop 1 floor!
  1639 | D:4      | Found a radiant altar of Vehumet.
  1646 | D:4      | Noticed a scorpion
  1655 | D:4      | Killed a scorpion
  1656 | D:4      | Reached XP level 5. HP: 25/41 MP: 9/9
  1929 | D:4      | Found a broken altar of Ashenzari.
  1955 | D:4      | Became a worshipper of Ashenzari the Shackled
  2033 | D:4      | Reached XP level 6. HP: 40/47 MP: 11/11
  2278 | D:5      | Entered Level 5 of the Dungeon
  2287 | D:5      | Noticed Pikel
  2375 | D:5      | Noticed a yak
  2375 | D:5      | Noticed a yak
  2376 | D:5      | Noticed a yak
  2376 | D:5      | Noticed a yak
  2377 | D:5      | Noticed a yak
  2445 | D:4      | Killed Pikel
  2446 | D:4      | Reached skill level 5 in Ranged Weapons
  2446 | D:4      | Reached skill level 5 in Dodging
  2446 | D:4      | Reached XP level 7. HP: 53/53 MP: 13/13
  2535 | D:5      | Reached skill level 6 in Hexes
  2713 | D:5      | Reached XP level 8. HP: 35/60 MP: 14/14
  2750 | D:5      | Noticed a yak
  2755 | D:5      | Learned a level 4 spell: Cause Fear
  2760 | D:5      | Learned a level 3 spell: Sigil of Binding
  2788 | D:4      | Killed a yak
  2803 | D:4      | Killed a yak
  2885 | D:4      | Killed a yak
  2886 | D:4      | Killed a yak
  2986 | D:4      | Slain by a yak

Illustrated notes

Levels and vault maps discovered:
D:1:      dpeg_arrival_arbitrary_b, layout_basic
D:2:      layout_rooms
D:3:      layout_basic, serial_shops, shop_fountains, kennysheep_generic_room_10
D:4:      layout_basic, mainiacjoe_overflow_catwalk, old_standard_altar,
          st_stairs_12
D:5:      layout_loops_cross, kennysheep_mini_moat, corexii_checkpoint,
          nicolae_hexahallways, minmay_manual_mess, uniq_duvessa,
          uniq_eustachio, uniq_pikel, uniq_edmund, uniq_menkaure

Skill      XL: |  1  2  3  4  5  6  7  8 |
---------------+-------------------------+-----
Fire Magic     | 2 3 |  3.7
Invocations    | 1 2 3 4 |  4.0
Short Blades   | 1 2 3 |  3.6
Long Blades    | 1 2 3 |  3.6
Axes           | 1 2 3 |  3.6
Maces & Flails | 1 2 3 |  3.6
Polearms       | 1 2 3 |  3.6
Staves         | 1 2 3 |  3.6
Throwing       | 1 2 3 |  3.6
Armour         | 1 2 3 |  3.6
Stealth        | 1 2 3 |  3.6
Shields        | 1 2 3 |  3.6
Unarmed Combat | 1 2 3 |  3.6
Evocations     | 1 2 3 |  3.6
Spellcasting   | 3 4 |  4.6
Shapeshifting  | 1 2 3 |  3.3
Conjurations   | 1 2 3 |  3.0
Summonings     | 1 2 3 |  3.0
Necromancy     | 1 2 3 |  3.0
Translocations | 1 2 3 |  3.0
Ice Magic      | 1 2 3 |  3.0
Air Magic      | 1 2 3 |  3.0
Earth Magic    | 1 2 3 |  3.0
Alchemy        | 1 2 3 |  3.0
Fighting       | 3 4 |  4.5
Ranged Weapons | 5 |  5.9
Dodging        | 5 |  5.9
Hexes          | 6 |  6.3

Action                     |  1- 3 |  4- 6 |  7- 9 || total
---------------------------+-------+-------+-------++-------
  Melee: Sling             |       |     6 |       ||     6
   Fire: Sling             |    96 |   182 |    88 ||   366
   Cast: Jinxbite          |     7 |     3 |    13 ||    23
         Cause Fear        |       |       |     1 ||     1
         Inner Flame       |       |       |     1 ||     1
         Sigil of Binding  |       |       |     1 ||     1
    Use: Scroll            |     2 |     4 |       ||     6
         Potion            |       |     4 |     1 ||     5
 Armour: Robe              |    21 |    68 |    87 ||   176
  Dodge: Dodged            |    25 |    69 |   104 ||   198
